[ PARTIDA AOE2 · #480222523 ]
UnrankedSarracenos vs Berbers
[ ANÁLISIS DE REPETICIÓN · EXTRAÍDO DE LA PARTIDA GRABADA ]
Feudal
—
Castillos
—
Imperial
—
| APM promedio | 25.2 |
| APM pico | 53 |
| eAPM promedio | 13.3 |
| Aldeanos / militares | 89 / 165 |
Foco
⚔️ 39.0% · 🌾 61.0%
Skirmisher ×79 · Mameluke ×53 · Militia ×11 · Spearman ×10 · Knight ×4 · Archer ×3
Feudal
—
Castillos
—
Imperial
—
| APM promedio | 30.3 |
| APM pico | 78 |
| eAPM promedio | 14.2 |
| Aldeanos / militares | 119 / 221 |
Foco
⚔️ 45.8% · 🌾 54.2%
Knight ×93 · Spearman ×70 · Hand Cannoneer ×20 · Camel Archer ×18 · Trebuchet (Packed) ×7 · Monk ×3
Feudal
—
Castillos
—
Imperial
—
| APM promedio | 25.7 |
| APM pico | 64 |
| eAPM promedio | 18.2 |
| Aldeanos / militares | 176 / 305 |
Foco
⚔️ 49.9% · 🌾 50.1%
Spearman ×248 · Skirmisher ×34 · Battering Ram ×23
Feudal
—
Castillos
—
Imperial
—
| APM promedio | 29.1 |
| APM pico | 58 |
| eAPM promedio | 16.3 |
| Aldeanos / militares | 101 / 132 |
Foco
⚔️ 30.1% · 🌾 69.9%
Knight ×38 · Camel Scout ×38 · Scorpion ×21 · War Elephant ×17 · Battering Ram ×8 · Trade Cart ×6
Mapa de la partida
Recursos iniciales + cada clic de construcción. Líneas = muros · curvas = relieve. ◆ oro · ⬟ piedra · ● bayas · ✦ reliquia · ◌ hueco del cierre
Tu base· ✓ Cerrada en 18:48 · 0t muro · 2 puerta(s)
Base de Mark 39rus· ✓ Cerrada en 17:47 · 0t muro · 4 puerta(s)
Base de ElNegro2284· ✓ Cerrada en 25:28 · 0t muro · 2 puerta(s)
Base de Cocoliso· ✓ Cerrada en 21:14 · 0t muro · 2 puerta(s)
Terreno inicial suavizado · ◌ = hueco del cierre detectado · pasá el cursor para detalles
Inputs por minuto
— Capitan Teemo - - Mark 39rus
Build order — Capitan Teemo
Primeras 150 de 396 acciones detectadas
| 0:01 | Crear | Villager (Male) |
| 0:01 | Crear | Villager (Male) |
| 0:04 | Construir | House |
| 0:28 | Crear | Villager (Male) |
| 0:31 | Construir | House |
| 0:50 | Crear | Villager (Male) |
| 0:56 | Investigar | Loom |
| 0:57 | Crear | Villager (Male) |
| 0:57 | Crear | Villager (Male) |
| 1:29 | Crear | Villager (Male) |
| 2:11 | Construir | Outpost |
| 2:19 | Crear | Villager (Male) |
| 3:09 | Construir | Mill |
| 3:22 | Crear | Villager (Male) |
| 3:22 | Crear | Villager (Male) |
| 3:22 | Crear | Villager (Male) |
| 4:13 | Crear | Villager (Male) |
| 4:13 | Crear | Villager (Male) |
| 4:14 | Crear | Villager (Male) |
| 4:57 | Crear | Villager (Male) |
| 4:58 | Crear | Villager (Male) |
| 4:58 | Crear | Villager (Male) |
| 5:03 | Construir | House |
| 5:17 | Construir | House |
| 5:19 | Construir | House |
| 5:29 | Crear | Villager (Male) |
| 5:36 | Construir | House |
| 6:55 | Construir | House |
| 6:57 | Construir | House |
| 7:15 | Crear | Villager (Male) |
| 7:18 | Crear | Villager (Male) |
| 7:19 | Crear | Villager (Male) |
| 7:19 | Crear | Villager (Male) |
| 7:33 | Construir | House |
| 8:04 | Construir | Lumber Camp |
| 8:43 | Crear | Villager (Male) |
| 8:43 | Crear | Villager (Male) |
| 9:23 | Construir | Barracks |
| 9:39 | Crear | Villager (Male) |
| 10:10 | Investigar | Feudal Age |
| 10:49 | Construir | Mining Camp |
| 10:55 | Crear | Villager (Male) |
| 10:55 | Crear | Villager (Male) |
| 12:36 | Crear | Villager (Male) |
| 12:38 | Crear | Villager (Male) |
| 12:51 | Investigar | Man-at-Arms (upgrade) |
| 13:10 | Investigar | Double-Bit Axe |
| 13:37 | Construir | Blacksmith |
| 14:07 | Crear | Villager (Male) |
| 14:08 | Crear | Villager (Male) |
| 14:08 | Crear | Villager (Male) |
| 14:14 | Construir | Farm |
| 14:14 | Construir | Farm |
| 14:15 | Construir | Farm |
| 14:15 | Construir | Farm |
| 14:28 | Construir | Farm |
| 14:28 | Construir | Farm |
| 14:28 | Construir | Farm |
| 14:36 | Construir | Farm |
| 14:39 | Crear | Villager (Male) |
| 15:02 | Crear | Villager (Male) |
| 15:12 | Construir | Market |
| 15:25 | Crear | Militia |
| 15:25 | Crear | Militia |
| 15:43 | Construir | Farm |
| 15:52 | Crear | Villager (Male) |
| 16:09 | Construir | Farm |
| 16:24 | Crear | Militia |
| 16:30 | Construir | Archery Range |
| 17:13 | Construir | Mill |
| 17:28 | Crear | Archer |
| 17:28 | Crear | Skirmisher |
| 17:29 | Crear | Skirmisher |
| 17:29 | Crear | Archer |
| 17:32 | Investigar | Arson |
| 17:34 | Crear | Militia |
| 17:35 | Crear | Spearman |
| 17:55 | Investigar | Scale Mail Armor |
| 17:56 | Investigar | Fletching |
| 18:48 | Investigar | Castle Age |
| 18:57 | Construir | House |
| 18:58 | Construir | House |
| 19:00 | Construir | House |
| 19:20 | Investigar | Forging |
| 19:47 | Crear | Militia |
| 19:56 | Crear | Archer |
| 19:56 | Crear | Skirmisher |
| 20:11 | Construir | Archery Range |
| 20:18 | Construir | Barracks |
| 20:26 | Construir | Stable |
| 21:00 | Construir | Mining Camp |
| 21:09 | Crear | Militia |
| 21:13 | Investigar | Horse Collar |
| 21:22 | Investigar | Padded Archer Armor |
| 21:43 | Investigar | Long Swordsman (upgrade) |
| 21:45 | Investigar | Gambesons |
| 22:02 | Construir | Town Center |
| 22:31 | Crear | Villager (Male) |
| 22:32 | Crear | Villager (Male) |
| 22:32 | Crear | Villager (Male) |
| 22:32 | Crear | Villager (Male) |
| 22:33 | Crear | Villager (Male) |
| 22:35 | Crear | Villager (Male) |
| 22:36 | Crear | Villager (Male) |
| 23:20 | Crear | Villager (Male) |
| 23:20 | Crear | Villager (Male) |
| 23:20 | Crear | Villager (Male) |
| 23:21 | Crear | Villager (Male) |
| 23:33 | Crear | Villager (Male) |
| 23:53 | Construir | Farm |
| 24:00 | Construir | Farm |
| 24:04 | Crear | Villager (Male) |
| 24:06 | Crear | Villager (Male) |
| 24:06 | Crear | Villager (Male) |
| 24:48 | Construir | Outpost |
| 25:02 | Investigar | Elite Skirmisher (upgrade) |
| 25:08 | Investigar | Pikeman (upgrade) |
| 25:31 | Construir | Siege Workshop |
| 25:54 | Crear | Skirmisher |
| 26:25 | Crear | Militia |
| 26:37 | Construir | Outpost |
| 26:39 | Crear | Villager (Male) |
| 26:39 | Crear | Villager (Male) |
| 26:40 | Crear | Villager (Male) |
| 26:41 | Crear | Villager (Male) |
| 26:50 | Crear | Villager (Male) |
| 27:04 | Construir | Mining Camp |
| 27:15 | Crear | Battering Ram |
| 27:46 | Investigar | Scale Barding Armor |
| 28:04 | Construir | Archery Range |
| 28:07 | Construir | Archery Range |
| 28:26 | Investigar | Leather Archer Armor |
| 28:31 | Crear | Villager (Male) |
| 28:32 | Crear | Villager (Male) |
| 28:34 | Crear | Villager (Male) |
| 28:35 | Crear | Villager (Male) |
| 28:38 | Construir | House |
| 28:39 | Construir | House |
| 28:40 | Construir | House |
| 28:41 | Construir | House |
| 28:43 | Construir | House |
| 28:50 | Construir | House |
| 28:51 | Construir | House |
| 29:22 | Crear | Skirmisher |
| 29:22 | Crear | Skirmisher |
| 29:23 | Crear | Skirmisher |
| 29:23 | Crear | Skirmisher |
| 29:23 | Crear | Skirmisher |
| 29:23 | Crear | Skirmisher |
| 29:24 | Crear | Skirmisher |
Build order — Mark 39rus
Primeras 150 de 454 acciones detectadas
| 0:05 | Crear | Villager (Male) ×4 |
| 0:05 | Crear | Villager (Male) ×4 |
| 0:08 | Construir | House |
| 0:09 | Construir | House |
| 1:43 | Crear | Villager (Male) |
| 1:43 | Crear | Villager (Male) |
| 2:18 | Crear | Villager (Male) |
| 2:19 | Crear | Villager (Male) |
| 2:39 | Crear | Villager (Male) |
| 2:39 | Crear | Villager (Male) |
| 2:39 | Crear | Villager (Male) |
| 3:09 | Crear | Villager (Male) |
| 3:12 | Crear | Villager (Male) |
| 3:48 | Crear | Villager (Male) |
| 3:48 | Crear | Villager (Male) |
| 4:06 | Crear | Villager (Male) |
| 4:06 | Crear | Villager (Male) |
| 4:36 | Construir | Mill |
| 5:09 | Crear | Villager (Male) |
| 5:09 | Crear | Villager (Male) |
| 5:10 | Crear | Villager (Male) |
| 5:15 | Construir | House |
| 5:16 | Construir | House |
| 5:17 | Construir | House |
| 6:33 | Crear | Villager (Male) |
| 6:33 | Crear | Villager (Male) |
| 7:05 | Construir | Lumber Camp |
| 7:26 | Crear | Villager (Male) |
| 7:27 | Crear | Villager (Male) |
| 8:00 | Investigar | Feudal Age |
| 9:38 | Construir | Mining Camp |
| 9:45 | Construir | Farm |
| 10:20 | Crear | Villager (Male) |
| 10:21 | Crear | Villager (Male) |
| 10:22 | Crear | Villager (Male) |
| 10:22 | Crear | Villager (Male) |
| 10:26 | Crear | Villager (Male) |
| 10:56 | Construir | Farm |
| 11:02 | Construir | Blacksmith |
| 11:24 | Construir | Farm |
| 11:31 | Construir | Farm |
| 11:34 | Crear | Villager (Male) |
| 11:58 | Construir | Farm |
| 12:12 | Construir | Farm |
| 12:40 | Construir | Farm |
| 13:02 | Construir | Farm |
| 13:04 | Crear | Villager (Male) |
| 13:05 | Crear | Villager (Male) |
| 13:05 | Crear | Villager (Male) |
| 13:06 | Crear | Villager (Male) |
| 13:26 | Construir | House |
| 13:29 | Construir | House |
| 13:39 | Construir | Farm |
| 13:42 | Crear | Villager (Male) |
| 14:01 | Construir | Farm |
| 14:20 | Construir | Gate |
| 14:32 | Construir | Farm |
| 14:47 | Crear | Villager (Male) |
| 14:47 | Crear | Villager (Male) |
| 14:47 | Crear | Villager (Male) |
| 15:27 | Investigar | Padded Archer Armor |
| 15:48 | Construir | Mining Camp |
| 15:49 | Construir | Mining Camp |
| 16:02 | Construir | Barracks |
| 16:26 | Construir | Market |
| 16:31 | Crear | Villager (Male) |
| 16:32 | Crear | Villager (Male) |
| 16:33 | Crear | Villager (Male) |
| 17:25 | Construir | Lumber Camp |
| 17:47 | Investigar | Castle Age |
| 17:53 | Construir | Farm |
| 18:07 | Investigar | Scale Barding Armor |
| 18:14 | Investigar | Double-Bit Axe |
| 18:17 | Investigar | Horse Collar |
| 18:33 | Construir | Farm |
| 18:43 | Construir | House |
| 19:16 | Crear | Spearman |
| 19:17 | Crear | Spearman |
| 19:19 | Crear | Spearman |
| 19:19 | Crear | Spearman |
| 19:23 | Crear | Spearman |
| 21:06 | Construir | Castle |
| 21:31 | Crear | Villager (Male) |
| 21:31 | Crear | Villager (Male) |
| 21:31 | Crear | Villager (Male) |
| 21:32 | Crear | Villager (Male) |
| 21:32 | Crear | Villager (Male) |
| 21:32 | Crear | Villager (Male) |
| 21:44 | Crear | Villager (Male) |
| 21:58 | Construir | Siege Workshop |
| 22:22 | Crear | Camel Archer |
| 22:22 | Crear | Camel Archer |
| 22:23 | Crear | Camel Archer |
| 22:24 | Crear | Camel Archer |
| 22:24 | Crear | Camel Archer |
| 22:24 | Crear | Camel Archer |
| 22:25 | Crear | Camel Archer |
| 23:04 | Construir | Lumber Camp |
| 23:22 | Construir | Farm |
| 24:01 | Crear | Mangonel |
| 24:35 | Crear | Villager (Male) |
| 24:36 | Crear | Villager (Male) |
| 24:36 | Crear | Villager (Male) |
| 24:36 | Crear | Villager (Male) |
| 24:37 | Crear | Villager (Male) |
| 24:37 | Crear | Villager (Male) |
| 24:37 | Crear | Villager (Male) |
| 25:00 | Crear | Camel Archer |
| 25:01 | Crear | Camel Archer |
| 25:02 | Crear | Camel Archer |
| 25:39 | Crear | Mangonel |
| 25:40 | Crear | Mangonel |
| 26:21 | Investigar | Kasbah |
| 26:39 | Construir | Town Center |
| 28:08 | Crear | Camel Archer |
| 28:09 | Crear | Camel Archer |
| 28:09 | Crear | Camel Archer |
| 28:10 | Crear | Camel Archer |
| 28:16 | Crear | Petard |
| 28:16 | Crear | Petard |
| 28:28 | Crear | Villager (Male) |
| 28:28 | Crear | Villager (Male) |
| 28:29 | Crear | Villager (Male) |
| 28:29 | Crear | Villager (Male) |
| 28:29 | Crear | Villager (Male) |
| 28:29 | Crear | Villager (Male) |
| 28:29 | Crear | Villager (Male) |
| 28:30 | Crear | Villager (Male) |
| 28:30 | Crear | Villager (Male) |
| 28:30 | Crear | Villager (Male) |
| 28:45 | Investigar | Wheelbarrow |
| 30:42 | Investigar | Hand Cart |
| 30:52 | Construir | Monastery |
| 30:56 | Crear | Villager (Male) |
| 30:56 | Crear | Villager (Male) |
| 30:56 | Crear | Villager (Male) |
| 31:32 | Crear | Monk |
| 31:32 | Crear | Monk |
| 31:33 | Crear | Monk |
| 32:15 | Construir | Stable |
| 32:16 | Construir | Stable |
| 32:18 | Construir | Stable |
| 32:20 | Construir | Stable |
| 32:22 | Construir | Stable |
| 32:24 | Construir | Stable |
| 32:26 | Construir | Stable |
| 32:36 | Construir | Farm |
| 32:37 | Construir | Farm |
| 32:53 | Construir | House |
| 32:54 | Construir | House |
Build order — ElNegro2284
Primeras 150 de 611 acciones detectadas
| 0:03 | Investigar | Loom |
| 0:03 | Crear | Villager (Male) |
| 0:03 | Crear | Villager (Male) |
| 0:04 | Crear | Villager (Male) |
| 0:04 | Crear | Villager (Male) |
| 0:04 | Crear | Villager (Male) |
| 0:04 | Crear | Villager (Male) |
| 1:11 | Construir | Mill |
| 1:45 | Crear | Villager (Male) |
| 1:45 | Crear | Villager (Male) |
| 2:43 | Crear | Villager (Male) |
| 2:44 | Crear | Villager (Male) |
| 2:44 | Crear | Villager (Male) |
| 2:44 | Crear | Villager (Male) |
| 3:10 | Crear | Villager (Male) |
| 3:10 | Crear | Villager (Male) |
| 3:11 | Crear | Villager (Male) |
| 3:57 | Crear | Villager (Male) |
| 3:57 | Crear | Villager (Male) |
| 4:15 | Construir | Lumber Camp |
| 4:19 | Crear | Villager (Male) |
| 4:19 | Crear | Villager (Male) |
| 4:19 | Crear | Villager (Male) |
| 4:55 | Crear | Villager (Male) |
| 5:26 | Crear | Villager (Male) |
| 5:34 | Crear | Villager (Male) |
| 6:16 | Crear | Villager (Male) |
| 6:16 | Crear | Villager (Male) |
| 6:46 | Crear | Villager (Male) |
| 7:26 | Crear | Villager (Male) |
| 7:26 | Crear | Villager (Male) |
| 7:56 | Crear | Villager (Male) |
| 8:10 | Crear | Villager (Male) |
| 8:58 | Crear | Villager (Male) |
| 8:58 | Crear | Villager (Male) |
| 9:34 | Crear | Villager (Male) |
| 9:34 | Crear | Villager (Male) |
| 9:34 | Crear | Villager (Male) |
| 10:25 | Crear | Villager (Male) |
| 10:25 | Crear | Villager (Male) |
| 10:25 | Crear | Villager (Male) |
| 10:45 | Crear | Villager (Male) |
| 10:45 | Crear | Villager (Male) |
| 10:45 | Crear | Villager (Male) |
| 11:25 | Crear | Villager (Male) |
| 11:26 | Crear | Villager (Male) |
| 12:25 | Crear | Villager (Male) |
| 12:25 | Crear | Villager (Male) |
| 12:25 | Crear | Villager (Male) |
| 12:26 | Crear | Villager (Male) |
| 12:50 | Crear | Villager (Male) |
| 12:50 | Crear | Villager (Male) |
| 13:35 | Crear | Villager (Male) |
| 13:35 | Crear | Villager (Male) |
| 15:32 | Investigar | Feudal Age |
| 16:03 | Construir | Barracks |
| 16:35 | Construir | Farm |
| 16:37 | Construir | Farm |
| 16:40 | Construir | Farm |
| 16:41 | Construir | Farm |
| 16:42 | Construir | Farm |
| 16:43 | Construir | Farm |
| 17:43 | Investigar | Double-Bit Axe |
| 17:46 | Investigar | Horse Collar |
| 17:51 | Crear | Villager (Male) |
| 17:51 | Crear | Villager (Male) |
| 17:51 | Crear | Villager (Male) |
| 17:58 | Construir | Archery Range |
| 18:02 | Crear | Spearman |
| 18:22 | Construir | Farm |
| 18:24 | Crear | Villager (Male) |
| 18:24 | Crear | Villager (Male) |
| 18:35 | Construir | Stable |
| 18:44 | Construir | Farm |
| 18:48 | Crear | Villager (Male) |
| 18:48 | Crear | Villager (Male) |
| 18:59 | Construir | Blacksmith |
| 19:04 | Crear | Villager (Male) |
| 19:05 | Crear | Villager (Male) |
| 19:10 | Construir | Farm |
| 19:16 | Crear | Skirmisher |
| 19:27 | Crear | Skirmisher |
| 19:27 | Crear | Skirmisher |
| 19:35 | Construir | Farm |
| 19:50 | Crear | Skirmisher |
| 19:50 | Crear | Skirmisher |
| 20:00 | Construir | Farm |
| 20:05 | Crear | Villager (Male) |
| 20:05 | Crear | Villager (Male) |
| 20:18 | Crear | Villager (Male) |
| 20:19 | Crear | Villager (Male) |
| 20:24 | Construir | Farm |
| 20:30 | Crear | Villager (Male) |
| 20:31 | Crear | Villager (Male) |
| 20:41 | Construir | Outpost |
| 20:50 | Construir | Farm |
| 20:56 | Investigar | Town Watch |
| 21:06 | Crear | Skirmisher |
| 21:06 | Crear | Skirmisher |
| 21:06 | Crear | Skirmisher |
| 21:27 | Crear | Villager (Male) |
| 21:28 | Crear | Villager (Male) |
| 21:31 | Construir | Farm |
| 21:49 | Construir | Outpost |
| 21:59 | Crear | Villager (Male) |
| 22:00 | Crear | Villager (Male) |
| 22:00 | Crear | Villager (Male) |
| 22:00 | Crear | Villager (Male) |
| 22:03 | Construir | Farm |
| 22:10 | Crear | Skirmisher |
| 22:10 | Crear | Skirmisher |
| 22:10 | Crear | Skirmisher |
| 22:10 | Crear | Skirmisher |
| 22:16 | Crear | Villager (Male) |
| 22:16 | Crear | Villager (Male) |
| 22:16 | Crear | Villager (Male) |
| 22:37 | Construir | Market |
| 22:41 | Crear | Villager (Male) |
| 22:41 | Crear | Villager (Male) |
| 22:41 | Crear | Villager (Male) |
| 22:49 | Crear | Skirmisher |
| 22:49 | Crear | Skirmisher |
| 22:49 | Crear | Skirmisher |
| 22:59 | Construir | Outpost |
| 23:18 | Construir | Farm |
| 23:52 | Construir | Archery Range |
| 23:53 | Construir | Archery Range |
| 23:59 | Construir | Farm |
| 24:00 | Construir | Farm |
| 24:19 | Construir | Archery Range |
| 24:33 | Construir | Mill |
| 24:36 | Construir | Farm |
| 25:28 | Investigar | Castle Age |
| 25:43 | Investigar | Padded Archer Armor |
| 26:07 | Crear | Skirmisher |
| 26:07 | Crear | Skirmisher |
| 26:07 | Crear | Skirmisher |
| 26:07 | Crear | Skirmisher |
| 26:07 | Crear | Skirmisher |
| 26:08 | Crear | Skirmisher |
| 26:08 | Crear | Skirmisher |
| 26:08 | Crear | Skirmisher |
| 26:08 | Crear | Skirmisher |
| 26:18 | Construir | Archery Range |
| 26:19 | Construir | Archery Range |
| 26:20 | Construir | Archery Range |
| 26:21 | Construir | Archery Range |
| 26:50 | Crear | Skirmisher |
| 26:50 | Crear | Skirmisher |
| 26:50 | Crear | Skirmisher |
Build order — Cocoliso
Primeras 150 de 359 acciones detectadas
| 0:03 | Construir | House |
| 0:04 | Crear | Villager (Male) |
| 0:04 | Crear | Villager (Male) |
| 0:05 | Construir | House |
| 0:45 | Crear | Villager (Male) |
| 1:14 | Crear | Villager (Male) |
| 1:15 | Crear | Villager (Male) |
| 1:47 | Crear | Villager (Male) |
| 2:26 | Crear | Villager (Male) |
| 2:26 | Crear | Villager (Male) |
| 3:06 | Crear | Villager (Male) |
| 3:07 | Crear | Villager (Male) |
| 3:07 | Crear | Villager (Male) |
| 3:44 | Construir | House |
| 4:13 | Crear | Villager (Male) |
| 4:13 | Crear | Villager (Male) |
| 4:43 | Construir | Mill |
| 4:48 | Crear | Villager (Male) |
| 4:48 | Crear | Villager (Male) |
| 4:49 | Crear | Villager (Male) |
| 4:50 | Crear | Villager (Male) |
| 4:50 | Crear | Villager (Male) |
| 5:45 | Crear | Villager (Male) |
| 7:13 | Construir | Lumber Camp |
| 7:35 | Investigar | Feudal Age |
| 7:36 | Investigar | Feudal Age |
| 7:49 | Construir | Mill |
| 8:27 | Construir | Mining Camp |
| 9:45 | Construir | Watch Tower |
| 10:30 | Construir | Market |
| 11:10 | Construir | Watch Tower |
| 12:37 | Construir | Mining Camp |
| 12:39 | Crear | Villager (Male) |
| 12:39 | Crear | Villager (Male) |
| 12:51 | Construir | House |
| 12:52 | Construir | House |
| 13:22 | Crear | Villager (Male) |
| 13:23 | Crear | Villager (Male) |
| 13:43 | Construir | Lumber Camp |
| 14:17 | Crear | Villager (Male) |
| 14:17 | Crear | Villager (Male) |
| 14:17 | Crear | Villager (Male) |
| 14:18 | Crear | Villager (Male) |
| 15:11 | Crear | Villager (Male) |
| 15:11 | Crear | Villager (Male) |
| 15:13 | Crear | Villager (Male) |
| 15:22 | Construir | House |
| 15:24 | Construir | House |
| 16:18 | Crear | Villager (Male) |
| 16:19 | Investigar | Double-Bit Axe |
| 16:21 | Investigar | Horse Collar |
| 16:36 | Construir | Farm |
| 16:38 | Construir | Farm |
| 16:44 | Construir | Farm |
| 17:30 | Construir | Farm |
| 17:33 | Construir | Farm |
| 17:35 | Construir | Farm |
| 17:37 | Construir | Farm |
| 17:41 | Crear | Villager (Male) |
| 17:48 | Construir | Farm |
| 19:01 | Crear | Villager (Male) |
| 19:05 | Construir | Farm |
| 19:12 | Construir | Farm |
| 19:31 | Construir | Farm |
| 20:43 | Construir | Blacksmith |
| 20:53 | Construir | House |
| 20:54 | Construir | House |
| 20:55 | Construir | House |
| 20:56 | Construir | House |
| 20:59 | Construir | House |
| 21:00 | Construir | House |
| 21:14 | Investigar | Castle Age |
| 21:44 | Construir | Barracks |
| 22:33 | Crear | Trade Cart |
| 22:33 | Crear | Trade Cart |
| 23:45 | Construir | Town Center |
| 23:50 | Crear | Villager (Male) |
| 23:51 | Crear | Villager (Male) |
| 23:51 | Crear | Villager (Male) |
| 23:51 | Crear | Villager (Male) |
| 23:52 | Crear | Villager (Male) |
| 23:52 | Crear | Villager (Male) |
| 23:58 | Construir | Town Center |
| 24:08 | Investigar | Heavy Plow |
| 24:10 | Investigar | Bow Saw |
| 24:44 | Construir | Stable |
| 24:45 | Construir | Stable |
| 25:07 | Crear | Villager (Male) |
| 25:08 | Crear | Villager (Male) |
| 25:08 | Crear | Villager (Male) |
| 25:33 | Crear | Villager (Male) |
| 25:33 | Crear | Villager (Male) |
| 25:33 | Crear | Villager (Male) |
| 25:34 | Crear | Villager (Male) |
| 25:40 | Crear | Villager (Male) |
| 26:09 | Construir | Castle |
| 26:19 | Crear | Villager (Male) |
| 26:19 | Crear | Villager (Male) |
| 26:20 | Crear | Villager (Male) |
| 26:20 | Crear | Villager (Male) |
| 26:21 | Crear | Villager (Male) |
| 26:29 | Construir | Farm |
| 26:30 | Construir | Farm |
| 26:30 | Construir | Farm |
| 26:30 | Construir | Farm |
| 26:30 | Construir | Farm |
| 26:34 | Construir | Farm |
| 26:34 | Construir | Farm |
| 26:34 | Construir | Farm |
| 26:40 | Crear | Villager (Male) |
| 26:40 | Crear | Villager (Male) |
| 26:50 | Crear | Villager (Male) |
| 27:18 | Construir | Farm |
| 27:22 | Construir | Farm |
| 27:28 | Construir | Farm |
| 27:34 | Crear | Knight |
| 27:35 | Crear | Knight |
| 27:55 | Crear | Knight |
| 28:29 | Crear | Knight |
| 28:29 | Crear | Knight |
| 28:53 | Crear | War Elephant |
| 28:53 | Crear | War Elephant |
| 28:54 | Crear | War Elephant |
| 29:38 | Investigar | Husbandry |
| 29:38 | Investigar | Bloodlines |
| 30:01 | Construir | Mill |
| 30:03 | Construir | Farm |
| 30:03 | Construir | Farm |
| 30:03 | Construir | Farm |
| 30:04 | Construir | Farm |
| 30:05 | Construir | Farm |
| 30:05 | Construir | Farm |
| 30:24 | Construir | Monastery |
| 30:34 | Crear | Knight |
| 30:35 | Crear | Knight |
| 30:37 | Investigar | Forging |
| 30:40 | Investigar | Scale Barding Armor |
| 31:00 | Construir | Stable |
| 31:02 | Construir | Stable |
| 31:04 | Construir | Mining Camp |
| 31:19 | Crear | Monk |
| 31:35 | Investigar | Iron Casting |
| 31:39 | Crear | Villager (Male) |
| 31:44 | Crear | Villager (Male) |
| 31:44 | Crear | Villager (Male) |
| 31:51 | Investigar | Gold Mining |
| 31:53 | Investigar | Stone Mining |
| 33:00 | Crear | Knight |
| 33:00 | Crear | Knight |
| 33:02 | Crear | Knight |
Cronología de la partida
| 9:23 | Capitan Teemo · first_building Barracks |
| 11:06 | Cocoliso · first_market_buy 100 stone |
| 11:38 | Cocoliso · first_market_sell 100 food |
| 16:02 | Mark 39rus · first_building Barracks |
| 16:03 | ElNegro2284 · first_building Barracks |
| 16:30 | Capitan Teemo · first_building Archery Range |
| 17:58 | ElNegro2284 · first_building Archery Range |
| 18:12 | Capitan Teemo · first_market_sell 100 wood |
| 18:16 | Capitan Teemo · first_market_buy 100 food |
| 18:35 | ElNegro2284 · first_building Stable |
| 20:26 | Capitan Teemo · first_building Stable |
| 20:30 | Mark 39rus · first_market_buy 100 stone |
| 21:06 | Mark 39rus · first_building Castle |
| 21:44 | Cocoliso · first_building Barracks |
| 21:58 | Mark 39rus · first_building Siege Workshop |
| 24:44 | Cocoliso · first_building Stable |
| 25:22 | ElNegro2284 · first_market_sell 100 wood |
| 25:31 | Capitan Teemo · first_building Siege Workshop |
| 26:09 | Cocoliso · first_building Castle |
| 30:24 | Cocoliso · first_building Monastery |
| 30:52 | Mark 39rus · first_building Monastery |
| 32:01 | Capitan Teemo · wall_segment Stone Wall x2 |
| 32:15 | Mark 39rus · first_building Stable |
| 35:46 | ElNegro2284 · first_building Castle |
| 36:27 | Capitan Teemo · first_building Castle |
| 41:12 | ElNegro2284 · first_building Siege Workshop |
| 42:11 | Cocoliso · first_building Siege Workshop |
| 47:55 | Mark 39rus · first_building Archery Range |
| 48:51 | Capitan Teemo · tribute_sent a jugador 1 |
| 48:51 | Capitan Teemo · tribute_sent a jugador 3 |
| 48:51 | Capitan Teemo · tribute_sent a jugador 4 |
| 52:15 | ElNegro2284 · wall_segment Stone Wall x8 |
| 60:27 | Cocoliso · resign |
[ ANÁLISIS IA · 1 CRÉDITO ]
¿Qué pasó realmente en esta partida?
Wolo.gg analiza cada decisión: build order, eco, micro, errores típicos por bracket. Análisis personalizado por WhatsApp o Discord en 30 segundos.
Guía civ
Sarracenos
Perfil
Jugador #18270449